 Dungeon Crawl Stone Soup version 0.24-a0-504-gcfb02b9d07 (webtiles) character file.

Game seed: 10912293144472243751

338 DeathSun the Ruffian (level 6, -9/47 HPs)
             Began as a Draconian Transmuter on July 17, 2019.
             Mangled by Crazy Yiuf
             ... wielding a +4 quarterstaff of chaos
              (21 damage)
             ... on level 3 of the Dungeon.
             The game lasted 00:11:25 (4236 turns).

DeathSun the Ruffian (Draconian Transmuter)         Turns: 4236, Time: 00:11:25

Health: -9/47      AC:  7    Str: 14    XL:     6   Next: 29%
Magic:  9/9        EV: 12    Int: 14    God:
Gold:   187        SH:  0    Dex: 11    Spells: 8/9 levels left

rFire    . . .     SeeInvis .     - Unarmed
rCold    . . .     Gourm    .   (no shield)
rNeg     . . .     Faith    .   (armour unavailable)
rPois    .         Spirit   .   (helmet restricted)
rElec    .         Reflect  .   p - +0 cloak
rCorr    .         Harm     .   (no gloves)
MR       .....                  (no boots)
Stlth    +.........             (no amulet)
HPRegen  0.15/turn              (no ring)
MPRegen  0.11/turn              (no ring)

@: appendage (expiring), slowed, lightly drained, very slow
A: unfitting armour, horns 2, cold-blooded, AC +6
a: End Transformation


You were on level 3 of the Dungeon.
You were not hungry.
You had grown temporary horns.
You visited 1 branch of the dungeon, and saw 3 of its levels.

You collected 187 gold pieces.

Inventory:

Missiles
 a - 33 arrows
 h - 122 stones (quivered)
Armour
 p - a +0 cloak (worn)
Jewellery
 j - an uncursed amulet of regeneration {unknown}
 o - an uncursed amulet of harm {unknown}
Scrolls
 d - 2 scrolls of immolation {unknown}
 g - 5 scrolls of teleportation {unknown}
 i - 2 scrolls of identify {unknown}
 k - 2 scrolls of enchant armour {unknown}
 l - 2 scrolls of fog {unknown}
Potions
 b - a potion of curing
 e - a potion of degeneration {unknown}
 f - a potion of invisibility {unknown}
 m - a potion of flight {unknown}
 n - a potion of heal wounds {unknown}
 q - a potion of agility
Comestibles
 c - 3 rations


   Skills:
 - Level 1.1(0.8) Fighting
 - Level 1.7(1.4) Dodging
 * Level 6.1(5.7) Unarmed Combat
 - Level 2.0(1.7) Spellcasting
 + Level 4.1(3.8) Transmutations


You had 8 spell levels left.
You knew the following spells:

 Your Spells              Type           Power        Failure   Level  Hunger
a - Beastly Appendage     Tmut           ##....       5%          1    ##.....

Your spell library contained the following spells:

 Spells                   Type           Power        Failure   Level  Hunger
 Sticks to Snakes         Tmut           ##......     8%          2    ###....
 Corona                   Hex            #......      24%         1    ##.....
 Spider Form              Tmut/Pois      #.........   32%         3    ####...
 Ensorcelled Hibernation  Hex/Ice        #.....       36%         2    ###....
 Confuse                  Hex            #.......     58%         3    ####...
 Dazzling Spray           Conj/Hex       #.....       58%         3    ####...
 Tukima's Dance           Hex            #.......     58%         3    ####...
 Ice Form                 Ice/Tmut       #.......     73%         4    #####..
 Blade Hands              Tmut           ##........   82%         5    ######.


Dungeon Overview and Level Annotations

Branches:
Dungeon (3/15)

Altars:
Yredelemnul

Annotations:
D:3 Crazy Yiuf


Innate Abilities, Weirdness & Mutations

Your plain brown scales are hard. (AC +6)
You cannot fit into any form of body armour.
You are cold-blooded and may be slowed by cold attacks.
You have a pair of horns on your head.


Message History

Crazy Yiuf hits you but does no damage.
Crazy Yiuf hits you with a +4 quarterstaff of chaos!
Crazy Yiuf freezes you.
Crazy Yiuf hits you with a +4 quarterstaff of chaos!
* * * LOW HITPOINT WARNING * * *
Crazy Yiuf burns you.
* * * LOW HITPOINT WARNING * * *
Crazy Yiuf hits you but does no damage.
Crazy Yiuf hits you with a +4 quarterstaff of chaos.
* * * LOW HITPOINT WARNING * * *
Crazy Yiuf burns you.
Crazy Yiuf hits you with a +4 quarterstaff of chaos!
* * * LOW HITPOINT WARNING * * *
You feel yourself slow down.
You turn to flesh and can move again.
You feel better.
Your transformation is almost over.
Crazy Yiuf barely misses you. Crazy Yiuf hits you but does no damage.
Space warps horribly around you!!
You die...

## #.# #....# .### #.#
##P.P# ...#######.# #PP.#
##.........# ##.##
..####.##### ##.#
..####..## #.##
<.....#..### ##.#
..###..#.).# #.## ######
...###.##### #@# #....#
...# #.....# #.g.# #....#
...###.....# #...# #....#
#...##.##### #)..# #....#
....#..##### ##### #...##
##.........# #...#
##.........###########...#
##......................[#
...#.........>...........#


You could see Crazy Yiuf.

Vanquished Creatures
  Natasha (thrice) (D:3)
  Terence (D:3)
  2 worker ants
  9 adders
  An ooze (D:3)
  A worm (D:3)
  6 dart slugs
  3 leopard geckos
  5 orcs
  4 ball pythons
  12 bats
  A giant cockroach (D:2)
  8 goblins
  9 hobgoblins
  8 jackals
  4 frilled lizards (D:2)
  6 kobolds
  6 rats
  A fungus (D:3)
90 creatures vanquished.

Notes
Turn   | Place    | Note
-------+----------+-------------------------------------------
     0 | D:1      | DeathSun the Draconian Transmuter began the quest for the
                  | Orb.
     0 | D:1      | Reached XP level 1. HP: 16/16 MP: 3/3
   325 | D:1      | Reached XP level 2. HP: 23/23 MP: 5/5
   714 | D:2      | Reached XP level 3. HP: 27/28 MP: 6/6
   739 | D:2      | Reached skill level 4 in Unarmed Combat
  1330 | D:2      | Found a basalt altar of Yredelemnul.
  1579 | D:2      | Reached XP level 4. HP: 35/35 MP: 5/7
  2124 | D:2      | Reached skill level 5 in Unarmed Combat
  2124 | D:2      | Reached XP level 5. HP: 40/40 MP: 6/8
  2874 | D:3      | Noticed Natasha
  2890 | D:3      | Killed Natasha
  3087 | D:3      | Noticed Natasha
  3176 | D:3      | Killed Natasha
  3228 | D:3      | Noticed Natasha
  3391 | D:3      | Killed Natasha
  3558 | D:3      | Reached XP level 6. HP: 36/47 MP: 7/9
  3691 | D:3      | Reached skill level 6 in Unarmed Combat
  4074 | D:3      | Noticed Terence
  4089 | D:3      | Killed Terence
  4218 | D:3      | Found a runed translucent door.
  4219 | D:3      | Noticed Crazy Yiuf
  4235 | D:3      | HP: 2/47 [Crazy Yiuf/+4 quarterstaff of chaos (7)]
  4236 | D:3      | Mangled by Crazy Yiuf

Levels and vault maps discovered:
D:1:      dpeg_arrival_refuge, layout_rooms, minmay_tromino_v2
D:2:      minmay_thinvault, layout_basic, lemuel_coloured_pillars_altar
D:3:      layout_rooms, uniq_terence, uniq_natasha, uniq_crazy_yiuf_cottage

Skill      XL: |  1  2  3  4  5  6 |
---------------+-------------------+-----
Unarmed Combat | 4 5 6 |  6.1
Transmutations | 3 4 |  4.1
Fighting       | |  1.1
Dodging        | |  1.7
Spellcasting   | |  2.0

Action                   |  1- 3 |  4- 6 || total
-------------------------+-------+-------++-------
Melee: Unarmed           |   119 |   241 ||   360
       Tailslap          |    12 |    20 ||    32
       Kick              |     2 |    13 ||    15
       Headbutt          |     1 |     6 ||     7
       Punch             |       |     3 ||     3
Throw: Stone             |     3 |       ||     3
 Cast: Beastly Appendage |     3 |    14 ||    17
  Use: Potion            |       |     2 ||     2
 Stab: Sleeping          |     1 |       ||     1
  Eat: Chunk             |     2 |     9 ||    11
Armor: Skin              |    37 |    82 ||   119
Dodge: Dodged            |    91 |   172 ||   263

Table legend:
 A = Non-vault XP
 B = Vault XP
 C = Vault XP percentage of total XP
 D = Non-vault monster count
 E = Vault monster count
 F = Vault count percentage of total count
                 A         B        C        D         E       F
            +---------+---------+-------+---------+---------+-------
      Total |     314 |     170 |  35.1 |      70 |      19 |  21.3
            +---------+---------+-------+---------+---------+-------
        D:1 |      33 |       4 |  10.8 |      17 |       2 |  10.5
        D:2 |      79 |      94 |  54.3 |      24 |      15 |  38.5
        D:3 |     202 |      72 |  26.3 |      29 |       2 |   6.5
            +---------+---------+-------+---------+---------+-------
